 Dungeon Crawl Stone Soup version 0.21.1-1-g345015f (webtiles) character file.

191 Irikuri the Skirmisher (level 5, -4/72 HPs)
             Began as a Minotaur Berserker on May 11, 2018.
             Was a Believer of Trog.
             Killed from afar by an orc wizard (5 damage)
             ... with a magic dart
             ... on level 5 of the Dungeon.
             The game lasted 00:09:43 (1284 turns).

Irikuri the Skirmisher (Minotaur Berserker)         Turns: 1284, Time: 00:09:44

Health: -4/72      AC:  2    Str: 28    XL:     5   Next: 42%
Magic:  4/4        EV: 12    Int:  4    God:    Trog [**....]
Gold:   51         SH:  0    Dex:  9    Spells: 4/4 levels left

rFire    . . .     SeeInvis .   a - +0 mace
rCold    . . .     Gourm    .   (no shield)
rNeg     . . .     Faith    .   b - +0 animal skin
rPois    .         Spirit   .   (helmet restricted)
rElec    .         Reflect  .   (no cloak)
rCorr    .         Harm     .   (no gloves)
MR       .....                  (no boots)
Stlth    ..........             (no amulet)
HPRegen  0.22/turn              (no ring)
MPRegen  0.09/turn              (no ring)

@: berserking, very quick
A: retaliatory headbutt, horns 2
a: Berserk, Trog's Hand, Burn Spellbooks, Renounce Religion


You were on level 5 of the Dungeon.
You worshipped Trog.
Trog was pleased with you.
You were not hungry.

You visited 1 branch of the dungeon, and saw 5 of its levels.

You collected 51 gold pieces.

Inventory:

Hand Weapons
 a - a +0 mace (weapon)
 e - a cursed -1 dagger
 g - a +0 hunting sling
 m - a +0 giant spiked club
Missiles
 h - 16 sling bullets
 j - 15 poisoned needles
 k - a tomahawk (quivered)
Armour
 b - a +0 animal skin (worn)
 d - a scarf of cloud immunity
 p - a +1 pair of boots
Jewellery
 i - an uncursed ring of fire {unknown}
 l - an uncursed ring of protection from cold {unknown}
Potions
 f - a potion of invisibility {unknown}
 o - 2 potions of might
Comestibles
 c - 3 rations
 n - 3 chunks of flesh


   Skills:
 + Level 5.3 Fighting
 + Level 5.1 Maces & Flails
 + Level 1.4 Slings
 + Level 2.9 Armour
 + Level 3.0 Dodging
 + Level 0.4 Stealth


You had 4 spell levels left.
You didn't know any spells.

Dungeon Overview and Level Annotations

Branches:
Dungeon (5/15)
 Temple: D:4-7

Altars:

Annotations:
D:3 MavisGrind's ghost, amateur MiFi
D:5 jerryfan's ghost, novice GnWn


Innate Abilities, Weirdness & Mutations

You reflexively headbutt those who attack you in melee.
You have a pair of horns on your head.


Message History

The zap hits you!
* * * LOW HITPOINT WARNING * * *
The orc wizard gestures at you while chanting.
The magic dart hits you!
* * * LOW HITPOINT WARNING * * *
You are too berserk!
You barely miss jerryfan's ghost.
Jerryfan's ghost is moderately damaged.
Jerryfan's ghost closely misses you. The orc wizard hits you with a dagger.
* * * LOW HITPOINT WARNING * * *
You thump jerryfan's ghost!
Jerryfan's ghost is severely damaged.
The orc wizard barely misses you. You furiously retaliate!
You headbutt the orc wizard! Jerryfan's ghost hits you.
* * * LOW HITPOINT WARNING * * *
You sock jerryfan's ghost!
Jerryfan's ghost is almost destroyed.
The orc wizard gestures at you while chanting.
The magic dart hits you!
You die...

#### #...## ......#
.......## .≈≈≈....#
##### ≈≈≈≈≈...####...#
≈...≈≈.....#.#.#
≈.>(≈≈W@.....#.#########
≈...≈≈..o..###.##.......
≈≈≈≈≈...#### #.##.#####.
.≈≈≈....######.##.# #.
.......##.........# #.
......# ######.#### #[
#...## #.# #. #### #.#
#. #.# #.


You could see an orc wizard and jerryfan's ghost.

Vanquished Creatures
  An ogre (D:4)
  A phantom (D:4)
  A worm (D:2)
  2 dart slugs
  A leopard gecko (D:3)
  4 orcs
  A bat (D:2)
  3 giant cockroaches
  4 goblins
  2 hobgoblins
  2 frilled lizards (D:3)
  A jackal zombie (D:5)
  4 kobolds
  A rat (D:3)
28 creatures vanquished.

Notes
Turn   | Place    | Note
-------+----------+-------------------------------------------
     0 | D:1      | Irikuri the Minotaur Berserker began the quest for the Orb.
     0 | D:1      | Reached XP level 1. HP: 19/19 MP: 0/0
   329 | D:2      | Reached XP level 2. HP: 11/27 MP: 1/1
   676 | D:3      | Reached XP level 3. HP: 7/34 MP: 2/2
   693 | D:3      | Reached ** piety under Trog
   755 | D:3      | Noticed MavisGrind's ghost (amateur MiFi)
  1110 | D:4      | Noticed an ogre
  1110 | D:4      | Noticed a phantom
  1133 | D:4      | Killed an ogre
  1133 | D:4      | Reached skill level 5 in Fighting
  1133 | D:4      | Reached skill level 1 in Slings
  1133 | D:4      | Reached XP level 4. HP: 19/42 MP: 3/3
  1148 | D:4      | Killed a phantom
  1148 | D:4      | Reached skill level 5 in Maces & Flails
  1148 | D:4      | Reached XP level 5. HP: 15/48 MP: 4/4
  1212 | D:5      | Entered Level 5 of the Dungeon
  1271 | D:5      | Noticed jerryfan's ghost (novice GnWn)
  1283 | D:5      | HP: 1/72 [jerryfan's ghost (6)]
  1284 | D:5      | Killed from afar by an orc wizard

Skill      XL: |  1  2  3  4 |
---------------+-------------+-----
Fighting       | 4 5 |  5.3
Maces & Flails | 4 5 |  5.1
Slings         | 1 |  1.4
Dodging        | 3 |  3.0
Armour         | |  2.9
Stealth        | |  0.4

Action                   |  1- 3 |  4- 6 || total
-------------------------+-------+-------++-------
Melee: Mace              |    45 |    13 ||    58
       Headbutt          |     5 |     3 ||     8
 Fire: Hunting sling     |     9 |     5 ||    14
Throw: Tomahawk          |     1 |       ||     1
Invok: Berserk           |     3 |     2 ||     5
  Use: Potion            |     1 |       ||     1
  Eat: Chunk             |     2 |       ||     2
       Ration            |     1 |       ||     1
Armor: Animal skin       |    13 |     3 ||    16
Dodge: Dodged            |    47 |     9 ||    56
